 Dungeon Crawl Stone Soup version 0.14.0-12-g87ee3b7 (webtiles) character file.

651 RogerD the Ogre Mage (level 6, -7/57 HPs)
             Began as an Ogre Fire Elementalist on Apr 15, 2014.
             Was an Initiate of Vehumet.
             Mangled by Edmund
             ... wielding a +1,+4 flail of holy wrath
              (12 damage)
             ... on Level 4 of the Dungeon on Apr 16, 2014.
             The game lasted 01:16:53 (3396 turns).

RogerD the Ogre Mage (Ogre Fire Elementalist)       Turns: 3396, Time: 01:17:23

HP  -7/57        AC  5     Str 14      XL: 6   Next: 96%
MP   0/25        EV 10     Int 16      God: Vehumet [......]
Gold 226         SH  0     Dex  8 (10) Spells:  2 memorised, 11 levels left

rFire  . . .     SeeInvis .     e - +3,+0 hand axe (freeze)
rCold  . . .     Clarity  .     h - +1 robe
rNeg   . . .     Conserve .     (shield restricted)
rPois  .         rCorr    .     (helmet restricted)
rElec  .         rRot     .     o - +0 cloak
SustAb . .       Spirit   +     (gloves unavailable)
rMut   .         Warding  .     (boots unavailable)
Saprov + . .     Stasis   .     v - amulet of guardian spirit
MR     .....                    E - ring of magical power
                                l - ring of regeneration

@: not resistant to hostile enchantments, unstealthy
A: unfitting armour, fast metabolism 1, saprovore 1, tough skin 1
a: Renounce Religion


You were on level 4 of the Dungeon.
You worshipped Vehumet.
Vehumet was noncommittal.
You were not hungry.

You visited 2 branches of the dungeon, and saw 6 of its levels.

You collected 226 gold pieces.

Inventory:

Hand weapons
 e - a +3,+0 hand axe of freezing (weapon)
Missiles
 D - a dart (quivered)
Armour
 a - a +0 robe
 h - a +1 robe (worn)
 o - a +0 cloak (worn)
 p - a +0 robe
Comestibles
 c - 4 meat rations
 q - 2 bread rations
 z - an apple
 C - a choko
 H - a rotting chunk of adder flesh
Scrolls
 f - a scroll of fog
 g - a scroll of enchant weapon I
 i - 4 scrolls of remove curse
 k - 5 scrolls of identify
 m - a scroll of fear {unknown}
 s - 2 scrolls of amnesia {unknown}
 w - 3 scrolls of noise
 y - a scroll of magic mapping {unknown}
 A - a scroll of blinking {unknown}
Jewellery
 l - a ring of regeneration (left hand)
 v - an amulet of guardian spirit (around neck)
 E - a ring of magical power (right hand)
 F - an uncursed ring of protection from magic
Potions
 d - 2 potions of cure mutation
 n - a potion of curing
 r - a potion of haste {unknown}
 t - 2 potions of heal wounds {unknown}
 u - a potion of porridge
 x - 2 potions of restore abilities {unknown}
 B - a potion of poison {unknown}
 G - a potion of flight {unknown}
 I - a potion of agility {unknown}
Books
 b - a book of Flames

   Spells                             Type                      Level
   *Flame Tongue                      Conjuration/Fire             1
   *Throw Flame                       Conjuration/Fire             2
   Conjure Flame                      Conjuration/Fire             3
   Inner Flame                        Hexes/Fire                   3
   Sticky Flame                       Conjuration/Fire             4
   Fireball                           Conjuration/Fire             5
 j - a book of Unlife

   Spells                             Type                      Level
   Recall                             Summoning/Translocation      3
   Animate Dead                       Necromancy                   4
   Control Undead                     Necromancy                   4
   Twisted Resurrection               Necromancy                   5
   Death Channel                      Necromancy                   6
   Simulacrum                         Ice/Necromancy               6


   Skills:
 - Level 1.6 Fighting
 - Level 1.0 Axes
 + Level 3.0 Dodging
 + Level 2.9 Stealth
 * Level 4.8 Spellcasting
 - Level 0.6 Conjurations
 + Level 3.3 Fire Magic


You had 11 spell levels left.
You knew the following spells:

 Your Spells              Type           Power        Failure   Level  Hunger
a - Flame Tongue          Conj/Fire      ##...        10%         1    None
b - Throw Flame           Conj/Fire      ##....       12%         2    #......


Dungeon Overview and Level Annotations

Branches:
Dungeon (5/15)             Temple (1/1) D:5

Altars:
Ashenzari
Dithmenos
Elyvilon
Kikubaaqudgha
Okawaru
Sif Muna
Vehumet
Xom
Yredelemnul
The Shining One

Annotations:
D:3 Natasha
D:4 Edmund


Innate Abilities, Weirdness & Mutations

You are too large for most types of armour.
You have a fast metabolism.
You can tolerate rotten meat.
You have tough skin (AC +1).


Message History

Press: ? - help, Shift-Dir - straight line, f/p - Edmund
Aim: Edmund, wielding a glowing flail and wearing a chain mail (severely wounded)
The flame tongue hits Edmund.
Edmund appears unharmed.
Edmund is severely wounded.
Edmund hits you with a glowing flail.
* * * LOW HITPOINT WARNING * * *
Edmund barely misses you.
There is a stone staircase leading up here.
Read which item? (? for menu, Esc to quit)
As you read the scroll labeled SIVILIEPULL, it crumbles to dust.
The scroll dissolves into smoke.
It was a scroll of fog.
Edmund hits you with a glowing flail.
* * * LOW HITPOINT WARNING * * *
You hit Edmund. You freeze Edmund.
Edmund is almost dead.
Edmund clears his throat.
Edmund hits you with a glowing flail!
* * * LOW HITPOINT WARNING * * *
Edmund hits you with a glowing flail!
You die...

#........# #........# #........#
#........# ######## #........#
#.....)#######.#.####### ######
#....................... #....#
#......#######.#.####### #....#
#####.§@@§§§§§.#.# #
#....########....§§§§§.#.#######
#...............§§§§§...........
#....########.####§###.#>#######
#....# #.# #.# #.#.# # #....#
#.# #.# #.#.# # #....#
#.####.###.#.####### #....#
#................... ######
######.###.#.#######


You could see Edmund.

Vanquished Creatures
  The ghost of demiurge the Skirmisher, an average HEAK of Lugonu (D:4)
  A scorpion (D:4)
  A quasit (D:5)
  A hound (D:4)
  Natasha (D:3)
  A worker ant (D:5)
  2 iguanas
  Jessica (D:3)
  3 adders
  A giant mite (D:3)
  A shadow imp (D:5)
  A worm (D:3)
  3 giant geckos
  5 orcs
  6 bats
  A bat zombie (D:5)
  2 giant cockroaches
  6 goblins
  8 hobgoblins
  2 ball pythons
  6 giant newts
  3 jackals (D:2)
  6 kobolds
  4 quokkas
  9 rats
76 creatures vanquished.

Notes
Turn   | Place    | Note
--------------------------------------------------------------
     0 | D:1      | RogerD, the Ogre Fire Elementalist, began the quest for the Orb.
     0 | D:1      | Reached XP level 1. HP: 16/16 MP: 3/3
   262 | D:1      | Reached XP level 2. HP: 24/24 MP: 0/5
   425 | D:1      | Found a shattered altar of Ashenzari.
   531 | D:1      | Learned a level 2 spell: Throw Flame
   988 | D:2      | Reached XP level 3. HP: 31/31 MP: 3/6
  1196 | D:3      | Noticed Jessica
  1209 | D:3      | Killed Jessica
  1279 | D:3      | Reached skill level 1 in Fighting
  1279 | D:3      | Reached XP level 4. HP: 28/41 MP: 0/8
  1307 | D:3      | Reached skill level 3 in Spellcasting
  1748 | D:3      | Found an ancient bone altar of Kikubaaqudgha.
  1787 | D:3      | Reached skill level 1 in Axes
  1826 | D:3      | Reached XP level 5. HP: 46/49 MP: 11/11
  1872 | D:3      | Found a basalt altar of Yredelemnul.
  2022 | D:3      | Noticed Natasha
  2032 | D:3      | Killed Natasha
  2048 | D:3      | Noticed Natasha
  2217 | D:4      | Upgraded the game from 0.14.0-9-g9c5475a to 0.14.0-12-g87ee3b7
  2463 | D:4      | Reached XP level 6. HP: 57/57 MP: 5/14
  2492 | D:4      | Reached skill level 4 in Spellcasting
  2562 | D:4      | Noticed demiurge's ghost (average HEAK)
  2636 | D:4      | Killed demiurge's ghost
  2857 | D:5      | Entered Level 5 of the Dungeon
  2908 | D:5      | Found a staircase to the Ecumenical Temple.
  2949 | Temple   | Entered the Ecumenical Temple
  3103 | Temple   | Became a worshipper of Vehumet
  3198 | D:5      | Found a radiant altar of Vehumet.
  3199 | D:5      | Noticed Edmund
  3228 | D:5      | Noticed a water moccasin
  3396 | D:4      | Mangled by Edmund

Action                   |  1- 3 |  4- 6 || total
-------------------------+-------+-------++-------
Melee: Hand axe          |    24 |   140 ||   164
Throw: Dart              |       |     4 ||     4
 Cast: Flame Tongue      |    42 |    72 ||   114
       Throw Flame       |     4 |    39 ||    43
  Use: Potion            |       |     2 ||     2
       Scroll            |       |     5 ||     5
